 Dungeon Crawl Stone Soup version 0.21-a0-531-gacddea6 (webtiles) character file.

11172 Gerstahl the Fighter (level 11, -2/90 HPs)
             Began as a Demonspawn Gladiator on Dec 12, 2017.
             Was a Follower of Ashenzari.
             Splashed by an oklob plant's acid (10 damage)
             ... on level 11 of the Dungeon.
             The game lasted 00:22:39 (9339 turns).

Gerstahl the Fighter (Demonspawn Gladiator)         Turns: 9339, Time: 00:22:41

Health: -2/90      AC: 13    Str: 17    XL:     11   Next: 45%
Magic:  11/11      EV: 15    Int:  9    God:    Ashenzari [*.....]
Gold:   463        SH:  0    Dex: 23    Spells: 10/10 levels left

rFire    x . .     SeeInvis +   R - +5 scimitar (curse)
rCold    + + .     Gourm    .   (no shield)
rNeg     . . .     Faith    .   o - +3 ice dragon scales of Gurujosm {rPois rF- rC++ Dex+3 SInv Stlth+} (curse)
rPois    +         Spirit   .   (helmet restricted)
rElec    .         Reflect  .   z - +0 cloak
rCorr    .         Harm     .   C - +0 pair of gloves
MR       +....                  k - +2 pair of boots
Stlth    ++........             (no amulet)
HPRegen  0.25/turn              s - +2 ring of strength
MPRegen  0.12/turn              A - ring of protection from magic

@: corroded
A: horns 1, thin skeletal structure 1, sense surroundings 1, powered by death 2,
spiny 1, no potion heal 1
a: Curse Item, Scrying, Renounce Religion


You were on level 11 of the Dungeon.
You worshipped Ashenzari.
Ashenzari was aware of your devotion.
You were hungry.

You visited 2 branches of the dungeon, and saw 12 of its levels.

You collected 463 gold pieces.

Inventory:

Hand Weapons
 a - a +0 long sword
 g - a +0 falchion
 Q - a +0 falchion
 R - a cursed +5 scimitar (weapon)
 T - a +0 long sword
Missiles
 d - 3 throwing nets (quivered)
Armour
 b - a +0 leather armour
 k - a +2 pair of boots (worn)
 m - a +2 ring mail of magic resistance
 o - the cursed +3 ice dragon scales of Gurujosm (worn) {rPois rF- rC++ Dex+3 SInv Stlth+}
   (You found it on level 7 of the Dungeon)

   It affects your dexterity (+3).
   It makes you vulnerable to fire.
   It greatly protects you from cold.
   It protects you from poison.
   It lets you see invisible.
   It makes you more stealthy.
   It has a curse placed upon it.
 r - +0 steam dragon scales
 z - a +0 cloak (worn)
 C - a +0 pair of gloves (worn)
Jewellery
 e - a +4 ring of intelligence
 s - a +2 ring of strength (left hand)
 A - a ring of protection from magic (right hand)
 H - an uncursed ring of stealth
 V - a +3 ring of dexterity
 W - an uncursed ring of flight
Wands
 i - a wand of acid (4)
 q - a wand of digging (15)
 y - a wand of scattershot (7)
 F - a wand of disintegration (9)
 M - a wand of flame (34)
 N - a wand of paralysis (3)
Scrolls
 c - a scroll of immolation {unknown}
 h - 4 scrolls of remove curse
 j - 2 scrolls of blinking
 l - a scroll of fear {unknown}
 n - 3 scrolls of enchant armour {unknown}
 t - 4 scrolls of teleportation {unknown}
 u - 2 scrolls of magic mapping {unknown}
 w - 3 scrolls of identify
 D - 2 scrolls of random uselessness {unknown}
 P - a scroll of amnesia {unknown}
Potions
 v - a potion of degeneration
 x - 4 potions of lignification
 I - a potion of curing
 J - a potion of brilliance
 K - a potion of mutation {unknown}
 L - a potion of berserk rage
 U - a potion of cancellation {unknown}
Books
 B - a book of Necromancy

   Spells                             Type                      Level
   a - Pain                           Necromancy                   1
   b - Animate Skeleton               Necromancy                   1
   c - Vampiric Draining              Necromancy                   3
   d - Regeneration                   Charms/Necromancy            3
   e - Animate Dead                   Necromancy                   4
   f - Control Undead                 Necromancy                   4
 E - a book of Debilitation

   Spells                             Type                      Level
   a - Corona                         Hexes                        1
   b - Slow                           Hexes                        2
   c - Inner Flame                    Hexes/Fire                   3
   d - Portal Projectile              Hexes/Translocation          3
   e - Cause Fear                     Hexes                        4
   f - Leda's Liquefaction            Hexes/Earth                  4
Comestibles
 f - 9 bread rations
 p - 2 meat rations
 G - 2 fruits
 O - a royal jelly


   Skills:
 - Level 10.0 Fighting
 - Level 10.0 Long Blades
 - Level 1.7 Throwing
 + Level 7.4 Armour
 + Level 8.0 Dodging


You had 10 spell levels left.
You didn't know any spells.

Dungeon Overview and Level Annotations

Branches:
Dungeon (11/15)            Temple (1/1) D:4            Lair (0/6) D:11
    Orc (0/2) D:11

Altars:
Ashenzari
Cheibriados
Dithmenos
Elyvilon
Fedhas
Gozag
Hepliaklqana
Kikubaaqudgha
Makhleb
Nemelex Xobeh
Okawaru
Qazlal
Ru
Sif Muna
Trog
Uskayaw
Vehumet
Wu Jian
Xom
Yredelemnul
Zin
The Shining One

Portals:
Trove: D:11 (give +4 demon trident)

Annotations:
D:6 Prince Ribbit
D:11 exclusion: 2 oklob plants


Innate Abilities, Weirdness & Mutations

You have a pair of small horns on your head.
You have a somewhat thin skeletal structure. (Dex +2, Stealth)
You regenerate health from kills.
You are partially covered in sharp spines.
You passively map a small area around you.
Potions are less effective at restoring your health.


Message History

The oklob plant is severely damaged.
You hit the oklob plant but do no damage.
The oklob plant is severely damaged.
The oklob plant spits acid at you. The splash of acid hits you!
You are splashed with acid!
The acid burns!
You hit the oklob plant.
You headbutt the oklob plant, but do no damage.
The oklob plant is severely damaged.
The oklob plant spits acid at you. The splash of acid hits you!
* * * LOW HITPOINT WARNING * * *
You are splashed with acid!
The acid burns!
* * * LOW HITPOINT WARNING * * *
Your system partially rejects the healing.
You feel much better. The oklob plant spits acid at you.
The splash of acid hits you!
* * * LOW HITPOINT WARNING * * *
You are splashed with acid!
The acid burns!
You die...

.........#######... #..
...#####.......#.. **
,#.. ...#
#........#######. * ...#
#.......#...≈...* , *
...# #.........#...# , ,
...#####........##...##.
,
...##.........#..PPPP...
'
...##.##......#≈.PP>PP.≈
...##.##.###..#.@PPPP...
, ...#...#.#
#....##..P##. ,
.....∩...# #.....# ..# ,
, ...#...###
#...#...≈... ...##.##
#....#######. ......#
#..... , ####### ##'###+
*,, , , , ,, ... , , , ,
, ,, ... , ,


You could see 2 oklob plants.

Vanquished Creatures
  3 two-headed ogres (D:7)
  An ugly thing (D:11)
  A cyclops (D:11)
  2 hippogriffs
  The ghost of Typee the Sneak, an amateur OpFE (D:3)
  Eustachio (D:6)
  A shadow (D:11)
  8 yaks
  A spriggan (D:7)
  A hungry ghost (D:9)
  2 steam dragons (D:6)
  Edmund (D:6)
  Duvessa (D:6)
  2 sky beasts
  A necrophage (D:7)
  A black bear (D:8)
  5 orc warriors
  4 ice beasts
  A phantom (D:4)
  5 ogres
  9 centaurs
  2 crocodiles
  Blork the orc (D:4)
  6 bullfrogs
  A big kobold (D:9)
  2 gnoll sergeants
  Dowan (D:6)
  A wyvern skeleton (D:10)
  2 scorpions
  12 killer bees
  5 wights (D:10)
  6 howler monkeys
  3 crimson imps
  A centaur zombie (D:9)
  A jelly (D:9)
  An orc priest (D:6)
  4 hounds
  Terence (D:3)
  12 orc wizards
  3 iguanas
  10 worker ants
  A worker ant zombie (D:3)
  14 gnolls
  17 adders
  A shadow imp (D:10)
  3 oozes
  An adder skeleton (D:5)
  2 adder zombies
  2 worms
  2 dart slugs
  12 leopard geckos
  45 orcs
  10 giant cockroaches
  6 goblins
  8 hobgoblins
  6 quokkas
  9 bats
  6 frilled lizards
  2 jackal skeletons (D:4)
  10 kobolds
  A leopard gecko zombie (D:8)
  2 quokka skeletons
  6 rats
293 creatures vanquished.

Notes
Turn   | Place    | Note
-------+----------+-------------------------------------------
     0 | D:1      | Gerstahl the Demonspawn Gladiator began the quest for the Orb.
     0 | D:1      | Reached XP level 1. HP: 16/16 MP: 1/1
    62 | D:1      | Gained mutation: You regenerate a little health from kills. [demonic ancestry]
    62 | D:1      | Reached XP level 2. HP: 18/23 MP: 2/2
   700 | D:2      | Gained mutation: You have a somewhat thin skeletal structure. (Dex +2, Stealth) [demonic ancestry]
   700 | D:2      | Reached XP level 3. HP: 21/28 MP: 3/3
   953 | D:2      | Reached XP level 4. HP: 29/35 MP: 4/4
  1026 | D:2      | Found a hazy altar of Hepliaklqana.
  1353 | D:3      | Noticed Terence
  1374 | D:3      | Killed Terence
  1374 | D:3      | Gained mutation: You are partially covered in sharp spines. [demonic ancestry]
  1374 | D:3      | Reached XP level 5. HP: 29/42 MP: 5/5
  1430 | D:3      | Noticed Typee's ghost (amateur OpFE)
  1656 | D:3      | Reached XP level 6. HP: 43/49 MP: 6/6
  1673 | D:3      | Killed Typee's ghost
  1673 | D:3      | Reached skill level 5 in Fighting
  1673 | D:3      | Reached skill level 5 in Long Blades
  1924 | D:4      | Found a staircase to the Ecumenical Temple.
  1933 | Temple   | Entered the Ecumenical Temple
  1941 | Temple   | Became a worshipper of Ashenzari the Shackled
  2023 | D:4      | Gained mutation: You have a pair of small horns on your head. [demonic ancestry]
  2023 | D:4      | Reached XP level 7. HP: 45/56 MP: 7/7
  2165 | D:4      | Noticed Blork the orc
  2179 | D:4      | Killed Blork the orc
  2873 | D:5      | Entered Level 5 of the Dungeon
  2942 | D:5      | Found a sacrificial altar of Ru.
  3103 | D:5      | Found a glowing golden altar of the Shining One.
  3715 | D:5      | Reached XP level 8. HP: 28/65 MP: 8/8
  4175 | D:6      | Noticed Prince Ribbit
  4279 | D:6      | Noticed Edmund
  4298 | D:6      | Killed Edmund
  4395 | D:6      | Noticed Duvessa
  4405 | D:6      | Noticed Dowan
  4515 | D:6      | Killed Duvessa
  4728 | D:6      | Noticed Eustachio
  4731 | D:6      | Killed Dowan
  4743 | D:6      | Killed Eustachio
  4743 | D:6      | Reached skill level 1 in Armour
  4743 | D:6      | Reached XP level 9. HP: 75/75 MP: 9/9
  5486 | D:7      | Noticed a two-headed ogre
  5518 | D:7      | Got the uncursed ice dragon scales of Gurujosm {rPois rF- rC++ Dex+3 SInv Stlth+}
  5532 | D:7      | Identified the +3 ice dragon scales of Gurujosm {rPois rF- rC++ Dex+3 SInv Stlth+} (You found it on level 7 of the Dungeon)
  5782 | D:7      | Reached * piety under Ashenzari
  5792 | D:7      | Found a bloodstained altar of Trog.
  5840 | D:7      | Killed a two-headed ogre
  6146 | D:8      | Gained mutation: You passively map a small area around you. [mutagenic meat]
  6147 | D:8      | Gained mutation: You are weak. (Str -2) [mutagenic meat]
  6148 | D:8      | Lost mutation: You are weak. (Str -2) [mutagenic meat]
  6150 | D:8      | Gained mutation: Potions are less effective at restoring your health. [mutagenic meat]
  6167 | D:8      | Reached XP level 10. HP: 73/82 MP: 10/10
  6175 | D:8      | Reached skill level 5 in Dodging
  6199 | D:8      | Noticed a two-headed ogre
  6200 | D:8      | Noticed a two-headed ogre
  6497 | D:7      | Killed a two-headed ogre
  6840 | D:7      | Killed a two-headed ogre
  6840 | D:7      | Reached skill level 10 in Fighting
  7082 | D:8      | Reached skill level 5 in Armour
  7953 | D:9      | Gained mutation: You regenerate health from kills. [demonic ancestry]
  7953 | D:9      | Reached XP level 11. HP: 89/89 MP: 11/11
  8046 | D:9      | Found Ukufasej's Assorted Antiques.
  8049 | D:9      | Reached skill level 10 in Long Blades
  8243 | D:9      | Found a sparkling altar of Nemelex Xobeh.
  8245 | D:9      | Found a shimmering altar of Xom.
  8559 | D:10     | Entered Level 10 of the Dungeon
  9154 | D:11     | Found a staircase to the Orcish Mines.
  9172 | D:11     | Identified the +1 long sword "Aciekuss" {holy, +Blink rPois}
  9192 | D:11     | Noticed a green ugly thing
  9206 | D:11     | Killed a green ugly thing
  9300 | D:11     | Found a portal to a secret trove of treasure.
  9318 | D:11     | Found a staircase to the Lair.
  9318 | D:11     | Noticed an oklob plant
  9321 | D:11     | Noticed an oklob plant
  9338 | D:11     | HP: 3/90 [acid (15)]
  9339 | D:11     | Splashed by an oklob plant's acid

Vault maps used:
D:1:      dpeg_arrival_tiny_c
D:2:      lemuel_crystal_altar
D:3:      uniq_terence
D:4:      temple_doors_e, uniq_blork_the_orc
D:5:      kennysheep_mini, first_bread, nicolae_ru_path_of_blood
D:6:      kennysheep_steamy, uniq_prince_ribbit1, uniq_duvessa, uniq_edmund,
          uniq_eustachio
D:7:      the_bakery, trog_butcher_becter
D:9:      cheibrodos_iron_armory, chequers_temple_overflow_statue_of_worship,
          kennysheep_small_square
D:11:     dpeg_oklobed_lair, orc_0_dummy, nicolae_trove_entry_crossroad,
          minivault_16
Temple:   nicolae_temple_no_exploring_needed

Skill      XL: |  1  2  3  4  5  6  7  8  9 10 11 |
---------------+----------------------------------+-----
Long Blades    | 3 4 5 6 8 9 10 | 10.0
Fighting       | 3 4 5 6 8 9 10 | 10.0
Armour         | 1 3 5 7 |  7.4
Dodging        | 3 4 6 8 |  8.0
Throwing       | |  1.7

Action                   |  1- 3 |  4- 6 |  7- 9 | 10-12 || total
-------------------------+-------+-------+-------+-------++-------
Melee: Long sword        |    79 |   171 |   277 |   228 ||   755
       Headbutt          |       |       |    90 |   107 ||   197
       Scimitar          |       |       |       |    70 ||    70
Invok: Curse Item        |       |       |     1 |       ||     1
  Use: Potion            |       |       |     9 |     3 ||    12
       Scroll            |       |       |       |     2 ||     2
 Stab: Sleeping          |     2 |     1 |     4 |       ||     7
  Eat: Chunk             |       |     4 |    15 |     9 ||    28
       Fruit             |       |       |     2 |       ||     2
       Royal jelly       |       |       |     1 |     2 ||     3
Armor: Leather armour    |    29 |    67 |    20 |       ||   116
       Skin              |       |       |    13 |       ||    13
       Ring mail         |       |       |    21 |       ||    21
       Ice dragon scales |       |       |    20 |   162 ||   182
       Steam dragon scal |       |       |     5 |       ||     5
Dodge: Dodged            |    78 |    90 |   168 |   271 ||   607
       Rpst.: Long sword |    26 |    31 |    46 |    59 ||   162
       Scimitar          |       |       |       |    10 ||    10

Table legend:
 A = Spawn XP
 B = Non-spawn XP
 C = Spawn XP percentage of total XP
 D = Spawn monster count
 E = Non-spawn monster count
 F = Spawn count percentage of total count
 G = Total turns spent on level
                    A         B        C        D         E        F      G
               +---------+---------+-------+---------+---------+-------+---------
         Total |       0 |   15961 |   0.0 |       0 |     293 |   0.0 |  9339
               +---------+---------+-------+---------+---------+-------+---------
           D:1 |       0 |      27 |   0.0 |       0 |      16 |   0.0 |   415
           D:2 |       0 |     104 |   0.0 |       0 |      25 |   0.0 |   788
           D:3 |       0 |     494 |   0.0 |       0 |      34 |   0.0 |   695
           D:4 |       0 |     364 |   0.0 |       0 |      17 |   0.0 |   957
           D:5 |       0 |     471 |   0.0 |       0 |      23 |   0.0 |  1046
           D:6 |       0 |    2029 |   0.0 |       0 |      31 |   0.0 |  1469
           D:7 |       0 |    3656 |   0.0 |       0 |      23 |   0.0 |  1571
           D:8 |       0 |    1937 |   0.0 |       0 |      39 |   0.0 |   754
           D:9 |       0 |    3721 |   0.0 |       0 |      48 |   0.0 |   846
          D:10 |       0 |     998 |   0.0 |       0 |      21 |   0.0 |   416
          D:11 |       0 |    2160 |   0.0 |       0 |      16 |   0.0 |   364
               +---------+---------+-------+---------+---------+-------+---------
